Map: 暮色之塔

Players

shengy

  • Race: Zerg Zerg
  • League: Platinum

TurtleTime - Winner!

  • Race: Terran Terran
  • League: Platinum

VOD

Have the link to the VOD?

Description

Time

  • Played on: Dec. 31, 2015, 11:19 p.m.
  • Length: 12:05
Show
View Real Time Build Order
Export as new Build Order

shengy Zerg 

Build Orders: Hatch First, Muta Ling Bane 

Get SALT Encoding   

  12  0:01  Drone  
  13  0:08  Drone  
  14  0:17  Overlord  
  14  0:25  Drone, Extractor  
  15  0:35  Drone x2  
  17  0:55  Hatchery  
  16  0:58  Drone  
  16  1:03  Drone  
  16  1:04  Extractor  
  17  1:07  Drone  
  18  1:21  Spawning Pool  
  18  1:24  Drone  
  18  1:28  Drone  
  19  1:38  Overlord  
  19  1:48  Drone  
  20  2:00  Drone  
  20  2:09  Queen x2  
  20  2:12  Zergling x4  
  26  2:17  Metabolic Boost  
  26  2:27  Baneling Nest  
  25  2:30  Drone x2  
  25  2:36  Drone  
  28  2:38  Drone  
  28  2:40  Drone  
  30  2:51  Overlord  
  30  2:52  Drone  
  30  2:54  Drone  
  32  3:16  Drone x3  
  35  3:27  Drone x3  
  35  3:28  Drone x4  
  41  3:39  Extractor  
  41  3:41  Extractor, Lair  
  39  3:54  Extractor, Drone x4  
  42  3:56  Hatchery  
  42  3:58  Drone x3  
  42  4:01  Overlord  
  44  4:14  Overlord x2  
  44  4:15  Overlord  
  44  4:37  Overlord  
  44  4:41  Spire  
  44  4:44  Drone x4  
  47  4:46  Evolution Chamber  
  47  4:48  Evolution Chamber  
  47  4:51  Drone  
  47  4:52  Drone x3  
  49  4:55  Drone x3  
  49  4:56  Drone  
  53  5:03  Burrow  
  53  5:08  Overseer, Infestation Pit  
  53  5:11  Queen  
  54  5:22  Drone x2  
  54  5:23  Drone x2  
  54  5:27  Zergling x10  
  63  5:29  Extractor  
  63  5:33  Extractor  
  61  5:40  Overseer  
  60  5:52  Zerg Melee Weapons Level 1, Zerg Ground Armor Level 1  
  60  5:56  Mutalisk x5  
  70  6:07  Centrifical Hooks  
  70  6:28  Overlord  
  70  6:29  Overlord  
  70  6:30  Drone x10  
  80  6:41  Pathogen Glands  
  80  6:44  Pneumatized Carapace  
  80  6:46  Hatchery, Overlord x3  
  79  6:53  Zerg Flyer Armor Level 1  
  79  7:16  Overlord  
  79  7:30  Hive  
  79  7:33  Drone x15  
  79  7:34  Drone x2  
  96  7:41  Zergling x4  
  98  8:04  Extractor  
  97  8:06  Extractor  
  97  8:08  Infestor  
  97  8:09  Infestor x6  
  110  8:16  Zergling x2  
  110  8:17  Zergling x14  
  118  8:31  Extractor  
  118  8:33  Baneling x14  
  117  8:34  Zergling x2  
  117  8:35  Zergling x18  
  117  8:38  Baneling x8  
  127  8:52  Ultralisk Cavern, Overlord x4  
  127  8:53  Queen, Overlord  
  128  9:16  Infestor  
  128  9:17  Infestor x2  
  128  9:20  Hatchery, Extractor  
  132  9:28  Zerg Ground Armor Level 2  
  132  9:34  Adrenal Glands  
  132  9:43  Zergling x30  
  132  9:44  Zergling x2  
  137  9:55  Infestor x5  
  108  10:25  Chitinous Plating  
  108  10:32  Infestor x4  
  108  10:33  Infestor  
  108  10:34  Baneling  
  108  10:35  Baneling x11  
  108  10:41  Hatchery  
  107  10:43  Overseer x3  
  107  10:45  Hatchery  
  106  10:50  Ultralisk x4  
  106  10:54  Zergling x2  
  106  10:55  Zergling x32  
  147  11:01  Baneling x9  
  116  11:24  Ultralisk x3  
  133  11:27  Zergling x8  
  133  11:32  Baneling x7  
  137  11:33  Baneling  
  133  11:44  Extractor  
Show
View Real Time Build Order
Export as new Build Order

TurtleTime Terran - Winner!

Build Orders: MMM Bio 

Get SALT Encoding   

  12  0:01  SCV  
  13  0:14  SCV  
  14  0:18  Supply Depot  
  14  0:26  SCV  
  15  0:40  SCV  
  15  0:41  Barracks  
  16  0:52  SCV  
  16  0:54  Refinery  
  18  1:04  SCV  
  18  1:16  SCV  
  19  1:28  Marine  
  19  1:30  Orbital Command  
  20  1:49  Command Center  
  20  1:51  Marine  
  21  1:57  SCV  
  21  2:07  Supply Depot  
  21  2:16  SCV  
  21  2:18  Factory  
  22  2:23  Marine  
  22  2:28  SCV  
  24  2:30  Bunker  
  24  2:40  Refinery  
  24  2:41  SCV  
  24  2:43  Marine  
  26  2:53  SCV  
  27  3:03  Widow Mine  
  27  3:04  Barracks Tech Lab  
  29  3:09  SCV  
  30  3:18  Orbital Command  
  30  3:26  Command Center  
  30  3:30  Marine  
  31  3:37  Factory Tech Lab  
  31  3:39  SCV  
  32  3:42  Starport  
  32  3:44  SCV  
  33  3:51  SCV, Marine  
  35  3:57  SCV  
  35  3:58  Barracks  
  36  4:04  Siege Tank  
  36  4:07  SCV  
  40  4:11  SCV  
  41  4:19  Marine  
  41  4:20  SCV  
  43  4:24  Starport Reactor  
  43  4:30  Supply Depot  
  43  4:35  Widow Mine  
  44  4:45  Orbital Command  
  44  4:49  Barracks Tech Lab  
  44  4:51  SCV x2, Barracks  
  44  4:52  Barracks  
  46  5:01  Stimpack  
  46  5:03  SCV x2  
  48  5:13  SCV  
  48  5:14  Marine x2  
  50  5:15  SCV x2  
  50  5:19  Refinery x2  
  53  5:26  Engineering Bay  
  53  5:29  Engineering Bay, SCV  
  53  5:31  SCV  
  55  5:36  Medivac  
  55  5:39  Orbital Command  
  55  5:41  SCV  
  58  5:43  SCV  
  58  5:44  Barracks Reactor  
  58  5:45  Barracks Reactor  
  59  5:51  Medivac  
  59  5:52  Marine  
  59  5:53  SCV  
  59  5:56  SCV  
  64  5:58  Combat Shields  
  64  6:06  SCV  
  65  6:11  SCV  
  65  6:12  SCV  
  65  6:13  Marine x2  
  69  6:22  Terran Infantry Weapons Level 1  
  69  6:24  Terran Infantry Armor Level 1  
  69  6:26  Supply Depot  
  69  6:32  Supply Depot  
  69  6:34  Supply Depot  
  69  6:46  Supply Depot  
  69  6:48  Marauder, SCV, Medivac, Marine x3  
  69  6:54  Siege Tank, SCV x2, Marine x2  
  77  6:57  Command Center  
  84  7:05  Marine  
  84  7:06  SCV x2  
  84  7:07  Armory  
  84  7:08  Missile Turret, SCV  
  88  7:11  Marine  
  88  7:13  Marine  
  88  7:14  Marine  
  91  7:17  Marine x2  
  91  7:18  SCV x2  
  91  7:19  Medivac x2  
  91  7:20  SCV  
  100  7:23  Marine  
  100  7:27  Concussive Shells  
  101  7:30  Barracks  
  101  7:31  Barracks  
  101  7:37  Supply Depot, Siege Tank  
  101  7:38  Marauder  
  101  7:40  Supply Depot  
  101  7:42  SCV  
  101  7:43  SCV x2  
  109  7:55  Supply Depot  
  109  7:58  Marine x2  
  109  7:59  Marauder, Marine x3  
  109  8:03  Medivac x2  
  120  8:16  Marine x2  
  120  8:17  Marauder, Command Center  
  120  8:18  Ghost Academy, Siege Tank, Marine x3  
  130  8:21  Marauder  
  132  8:29  Missile Turret  
  132  8:33  Supply Depot, Missile Turret  
  132  8:37  SCV  
  132  8:38  SCV x2  
  132  8:39  Orbital Command  
  135  8:53  Missile Turret  
  135  8:57  Missile Turret  
  135  9:00  Missile Turret  
  135  9:01  SCV x3, Marine  
  135  9:02  Supply Depot, Marauder, Marine x3  
  144  9:03  Barracks Reactor, Barracks Tech Lab  
  144  9:04  Missile Turret  
  144  9:07  Terran Infantry Weapons Level 2, Terran Infantry Armor Level 2  
  144  9:10  Missile Turret  
  144  9:12  Supply Depot  
  144  9:20  Siege Tank, Marine  
  144  9:21  Marauder, Marine  
  151  9:25  Supply Depot  
  151  9:29  Missile Turret  
  151  9:31  SCV x3  
  153  9:32  SCV  
  154  9:57  Marine x3  
  154  9:58  Marauder  
  121  10:03  Marine x5  
  118  10:15  Siege Tank, Marine x3  
  118  10:19  Planetary Fortress, Marauder  
  118  10:21  Marine x2  
  128  10:22  Marauder, SCV x4  
  128  10:23  Ghost  
  128  10:24  Marine  
  137  10:29  Command Center  
  137  10:32  Marine  
  137  10:33  Marine x2  
  140  10:38  Marine  
  140  10:39  Marine  
  140  10:40  Factory, Barracks  
  140  10:41  Marauder, Barracks, Marine  
  140  10:42  Liberator x2  
  145  10:43  Marauder, SCV x3  
  145  10:44  SCV  
  145  10:45  Refinery  
  151  10:50  Marine x2  
  151  10:51  Marine  
  151  10:52  Marauder  
  151  10:53  Refinery  
  151  10:56  Marine x2  
  158  10:59  Marine  
  158  11:02  Marauder  
  158  11:03  Ghost  
  167  11:08  Marine x3  
  172  11:14  Marauder  
  165  11:19  Marine x2  
  165  11:20  Marine  
  165  11:23  Marauder  
  170  11:26  Marine x3  
  170  11:32  Barracks Reactor  
  173  11:33  Marauder  
  173  11:34  Barracks Reactor, Marine  
  173  11:37  Marine x3  
  151  11:55  Factory Tech Lab  
Tags
 
Add a new tag
Caveats
  • Supply blocks, unpowered buildings, or Contaminate may cause inaccurate times.
  • Supply counts are checked every 10 seconds.